 Dungeon Crawl Stone Soup version 0.31-a0-848-gaac375c287 (webtiles) character file.

Game seed: 1467761682687428046

87556 ragingrage the Bludgeoner (level 15, 0/120 HPs)
             Began as an Armataur Necromancer on Oct 4, 2023.
             Was the Champion of Kikubaaqudgha.
             Slain by a two-headed ogre
             ... wielding a +0 giant club
              (13 damage)
             ... on level 2 of the Orcish Mines.
             The game lasted 01:06:32 (28884 turns).

ragingrage the Bludgeoner (Armataur Necromancer)   Turns: 28884, Time: 01:06:33

Health: 0/120      AC: 18    Str: 21    XL:     15   Next: 44%
Magic:  15/19      EV: 14    Int: 20    God:    Kikubaaqudgha [******]
Gold:   1530       SH:  0    Dex: 16    Spells: 4/20 levels left

rFire   + . .        a - +2 great mace (drain)
rCold   . . .        (shield currently unavailable)
rNeg    . . .        J - +3 ring mail {rF+}
rPois   +            v - +2 helmet
rElec   .            A - +1 cloak of Verdant Life {rPois Dex+4 SInv}
rCorr   .            I - +1 pair of gloves
SInv    +            (no barding)
Will    +....        p - amulet of regeneration
Stlth   +            G - +5 ring of evasion
HPRegen 1.20/turn    o - +6 ring of strength
MPRegen 0.16/turn

%: roll
@: death channelling
A: large, rugged brown scales 3, deformed body, armoured tail, roll, long
tongue, awkward tongue
a: Renounce Religion, Unearth Wretches, Torment, Brand Weapon With Pain, Receive
Forbidden Knowledge


You were on level 2 of the Orcish Mines.
You worshipped Kikubaaqudgha.
Kikubaaqudgha was exalted by your worship.
You visited 4 branches of the dungeon, and saw 22 of its levels.
You also visited: Bailey and Ice Cave.

You collected 1932 gold pieces.
You spent 402 gold pieces at shops.

Inventory:

Hand Weapons
 a - a +2 great mace of draining (weapon)
 U - a +0 morningstar of flaming
Missiles
 h - 12 datura-tipped darts
 l - 25 poisoned darts (quivered)
 y - 4 curare-tipped darts
 L - 2 silver javelins
Armour
 f - a +4 chain mail of cold resistance
 v - a +2 helmet (worn)
 A - the +1 cloak of Verdant Life (worn) {rPois Dex+4 SInv}
   (You found it in a bailey)

   Dex+4:     It affects your dexterity (+4).
   rPois:     It protects you from poison SInv: It lets you see invisible.
 B - a +1 leather armour of cold resistance
 I - a +1 pair of gloves (worn)
 J - a +3 ring mail of fire resistance (worn)
Jewellery
 i - a ring of positive energy
 o - a +6 ring of strength (right hand)
 p - an amulet of regeneration (around neck)
 G - a +5 ring of evasion (left hand)
 M - a ring of poison resistance
 N - a ring of flight
Wands
 d - a wand of acid (7)
 F - a wand of roots (13)
 R - a wand of paralysis (21)
 X - a wand of mindburst (2)
Scrolls
 c - 5 scrolls of vulnerability
 g - 7 scrolls of fog
 j - 2 scrolls of butterflies
 k - 6 scrolls of teleportation
 m - 3 scrolls of silence
 n - 2 scrolls of enchant weapon
 r - a scroll of acquirement
 s - 2 scrolls of poison
 t - 4 scrolls of noise
 D - 5 scrolls of fear
 S - a scroll of revelation
Potions
 e - 3 potions of heal wounds
 q - 5 potions of brilliance
 u - 2 potions of berserk rage
 w - a potion of resistance {unknown}
 x - 3 potions of lignification {unknown}
 z - 4 potions of mutation
 C - 4 potions of attraction
 E - 2 potions of cancellation
 H - 2 potions of curing
 O - 4 potions of enlightenment
 P - a potion of magic
 V - a potion of invisibility {unknown}
 Z - a potion of haste {unknown}
Miscellaneous
 b - a lightning rod (4/4)


   Skills:
 + Level 5.3 Fighting
 + Level 18.0 Maces & Flails
 - Level 0.7 Polearms
 - Level 2.0 Throwing
 + Level 8.3 Armour
 - Level 1.3 Dodging
 - Level 2.1 Stealth
 - Level 3.0 Spellcasting
 + Level 14.3 Necromancy
 - Level 3.0 Translocations
 - Level 3.0 Evocations


You had 4 spell levels left.
You knew the following spells:

 Your Spells              Type           Power      Damage    Failure   Level
a - Death Channel         Necr           28%        N/A       9%          6
b - Animate Dead          Necr           57%        N/A       1%          4
c - Necrotise             Necr           100%       1d9       1%          1
e - Vampiric Draining     Necr           57%        2d10      1%          3
f - Blink                 Tloc           30%        N/A       10%         2

Your spell library contained the following spells:

 Spells                   Type           Power      Damage    Failure   Level
 Kiss of Death            Conj/Necr      100%       2d13      1%          1
 Sublimation of Blood     Necr           57%        N/A       1%          2
 Dispel Undead            Necr           57%        3d20      1%          4
 Lesser Beckoning         Tloc           30%        N/A       10%         2
 Anguish                  Hex/Necr       15%        N/A       11%         4
 Momentum Strike          Conj/Tloc      18%        3d8       17%         2
 Sandblast                Erth           6%         2d5       22%         1
 Shock                    Conj/Air       12%        1d3       22%         1
 Slow                     Hex            12%        N/A       22%         1
 Ensorcelled Hibernation  Hex/Ice        6%         N/A       32%         2
 Jinxbite                 Hex            6%         N/A       32%         2
 Poisonous Vapours        Pois/Air       6%         N/A       32%         2
 Call Canine Familiar     Summ           3%         N/A       54%         3
 Confusing Touch          Hex            3%         N/A       54%         3
 Ozocubu's Armour         Ice            3%         N/A       54%         3
 Sigil of Binding         Hex            3%         N/A       54%         3
 Dimensional Bullseye     Hex/Tloc       4%         N/A       75%         4
 Cause Fear               Hex            1%         N/A       91%         4
 Leda's Liquefaction      Hex/Erth       1%         N/A       91%         4
 Summon Lightning Spire   Summ/Air       3%         N/A       91%         4
 Agony                    Necr           57%        N/A       1%          5
 Simulacrum               Ice/Necr       15%        N/A       86%         6
 Summon Forest            Summ/Tloc      4%         N/A       97%         5
 Infestation              Necr           28%        N/A       98%         8
 Silence                  Hex/Air        1%         N/A       99%         5
 Summon Mana Viper        Hex/Summ       3%         N/A       99%         5
 Conjure Ball Lightning   Conj/Air       1%         3x3d6     100%        6
 Summon Cactus Giant      Summ           1%         N/A       100%        6
 Haunt                    Necr/Summ      15%        N/A       100%        7
 Ozocubu's Refrigeration  Ice            1%         4d7       100%        7


Dungeon Overview and Level Annotations

Branches:
Dungeon (14/15)            Temple (1/1) D:4            Lair (5/5) D:8
  Swamp (0/4) Lair:3       Spider (0/4) Lair:3        Slime (0/5) Lair:4
    Orc (2/2) D:10            Elf (0/3) Orc:2        Vaults (0/5) D:13
 Bailey (visited)           IceCv (visited)

Altars:
Ashenzari
Cheibriados
Dithmenos
Elyvilon
Fedhas
Gozag
Hepliaklqana
Kikubaaqudgha
Makhleb
Nemelex Xobeh
Okawaru
Qazlal
Ru
Sif Muna
Trog
Uskayaw
Vehumet
Wu Jian
Xom
Yredelemnul
Zin
The Shining One
Jiyva
Lugonu

Shops:
D:1 [[?[=   Orc:2 (

Portals:
Abyss: Lair:2 Lair:5

Annotations:
D:4 exclusion: downstairs
D:7 1 exclusion
D:9 1 runed translucent door
D:11 1 runed translucent door
Lair:4 1 runed translucent door
Orc:1 3 runed translucent doors, Fesunton's ghost, journeyman TrGl


Innate Abilities, Weirdness & Mutations

You are completely covered in rugged brown scales. (AC +3, +7% HP)
Armour fits poorly on your strangely shaped body.
You have a long armoured tail.
You roll when moving toward enemies. (Rampage)
Your long tongue fully drains potion bottles. (2x potion effects)
Your tongue gives you trouble enunciating. (1.5x scroll delay)


Message History

The troll bites you. The troll barely misses you.
The troll claws you but does no damage.
An ogre comes into view. It is wielding a +0 giant club.
The troll bites you but does no damage. The troll completely misses you.
The troll closely misses you.
Your spectral ogre hits the troll but does no damage.
The two-headed ogre hits you with a +0 giant club!
The two-headed ogre closely misses you.
The ogre mage gestures at the two-headed ogre while chanting.
The two-headed ogre seems to speed up.
The troll bites your spectral orc priest.
The troll completely misses your spectral orc priest. x2
You hear a shout!
You barely miss the two-headed ogre.
You hear a shout!
Your spectral ogre hits the two-headed ogre.
Your spectral ogre drains the two-headed ogre.
Your spectral orc priest barely misses the troll.
The two-headed ogre misses you.
The two-headed ogre hits you with a +0 giant spiked club!
* * * LOW HITPOINT WARNING * * *
Your orc warrior zombie hits the troll.
The two-headed ogre hits you with a +0 giant club!
* * * LOW HITPOINT WARNING * * *
The two-headed ogre hits you but does no damage.
Your spectral orc hits the troll but does no damage.
The ogre hits your spectral orc priest with a +0 giant club!!
Your spectral orc priest is destroyed!
The troll barely misses your orc warrior zombie.
The troll claws your orc warrior zombie! x2
Your orc warrior zombie is destroyed!
The troll attacks as it pursues you! The troll bites you!
* * * LOW HITPOINT WARNING * * *
The troll closely misses you. The troll completely misses you.
Your spectral two-headed ogre barely misses the ogre.
Your spectral two-headed ogre hits the ogre!
The two-headed ogre attacks as it pursues you!
The two-headed ogre hits you with a +0 giant club!
You die...
Kikubaaqudgha rasps: "You have failed me!
Welcome... death!"

....#.. #####......
##.##...C.#
#.......OO#..
##....Z.T.#...
###....#Oo.O....
##.#...OO)O......
#...#..ZOT)......
#.....@TZ.......
#.......Z.......
###............... .
##..........#...... .
#......#...#.......... .
##.##.#.#..#............
. #
#.............#...... .
##................... .
#....#................


You could see 4 two-headed ogres, an ogre mage, a cyclops, 3 trolls, 3 ogres, an
orc, a friendly spectral orc, 2 friendly spectral ogres and a friendly spectral
two-headed ogre.

Vanquished Creatures
  Rupert (Lair:4)
  An ironbound preserver (D:13)
  A stone giant (Orc:2)
  6 hydras
  An ogre mage (D:10)
  Erica (Orc:1)
  4 centaur warriors
  A catoblepas (Lair:1)
  6 boulder beetles
  A death yak (Lair:5)
  5 two-headed ogres
  A tengu warrior (D:14)
  2 thrashing horrors (Lair:5)
  Urug (Lair:4)
  Sonja (D:11)
  An anaconda zombie (Lair:5)
  Pikel (D:6)
  A wizard (D:12)
  2 orc knights
  3 orc sorcerers (Orc:1)
  3 deep elf pyromancers
  A harpy (shapeshifter) (Lair:5)
  A deep elf zephyrmancer (Bailey)
  7 ugly things
  7 cyclopes
  7 manticores
  4 black mambas
  2 ice statues (IceCv)
  2 torpor snails (Lair:5)
  8 cane toads
  3 smoke demons (Lair:5)
  An unseen horror (D:11)
  A gargoyle (D:12)
  5 rime drakes
  6 komodo dragons
  A kobold demonologist (D:11)
  7 ice devils (IceCv)
  A tengu conjurer (D:14)
  A meliai (D:9)
  2 polar bears
  8 trolls
  10 blink frogs
  2 raiju (Lair:5)
  A hornet (Lair:3)
  Grinder (D:4)
  5 dream sheep (Lair:4)
  5 slime creatures
  A culicivora (shapeshifter) (Lair:5)
  A spriggan (Lair:5)
  A water elemental (D:12)
  A vampire (D:9)
  A wraith (D:13)
  4 wyverns
  A shadow (D:12)
  4 basilisks
  34 yaks
  2 dire elephant simulacra (IceCv)
  A steam dragon (D:6)
  A warg (D:10)
  Menkaure (D:5)
  2 death yak simulacra (IceCv)
  A harpy simulacrum (IceCv)
  Duvessa (D:7)
  An acid dragon (D:12)
  12 water moccasins
  20 orc warriors
  2 black bears
  An ice beast (D:7)
  2 large abominations (Lair:5)
  6 ogres
  4 small abominations (Lair:5)
  A wolf (Lair:5)
  8 centaurs
  A phantom (D:4)
  2 lemures (D:4)
  A kobold brigand (D:6)
  5 two-headed ogre simulacra (IceCv)
  3 cane toad simulacra (IceCv)
  14 bullfrogs
  5 scorpions
  9 wights
  Dowan (D:7)
  6 killer bees
  An elephant simulacrum (IceCv)
  6 electric eels
  A gnoll bouda (D:6)
  9 orc priests
  2 hounds (D:5)
  2 jellies
  Crazy Yiuf (D:6)
  7 iguanas
  A sleepcap (D:7)
  Terence (D:2)
  15 orc wizards
  3 troll simulacra (IceCv)
  3 hell rats (Lair:5)
  A polar bear simulacrum (IceCv)
  A spriggan simulacrum (IceCv)
  Robin (D:3)
  11 gnolls
  6 adders
  2 shadow imps (D:8)
  2 white imps
  3 ufetubi
  2 worms
  4 dart slugs
  46 orcs
  6 ball pythons
  7 endoplasms
  3 giant cockroaches
  6 hobgoblins
  6 jackals
  4 quokkas
  8 bats
  5 frilled lizards
  14 goblins
  18 kobolds
  7 rats
  A lurking horror (Lair:2)
520 creatures vanquished.

Vanquished Creatures (collateral kills)
  2 anacondas (Lair:5)
  A two-headed ogre (D:11)
  2 hydras (Lair:3)
  An orb spider (Lair:3)
  An oklob plant (Lair:1)
  An ugly thing (D:14)
  A salamander (shapeshifter) (D:9)
  3 cyclopes
  2 cane toads
  A smoke demon (Lair:5)
  4 komodo dragons
  A meliai (shapeshifter) (D:13)
  3 trolls
  A polar bear (Lair:5)
  A tyrant leech (Lair:3)
  11 blink frogs
  6 dream sheep (Lair:5)
  A raiju (Lair:5)
  5 slime creatures
  18 yaks
  A ynoxinul (D:8)
  A shadow (D:12)
  3 basilisks
  A chaos spawn (Lair:5)
  A vampire mosquito (D:9)
  9 water moccasins
  5 orc warriors
  An ogre (Orc:2)
  2 wolves (Lair:5)
  3 centaurs
  A kobold brigand (D:9)
  2 bullfrogs
  A scorpion (Lair:5)
  6 killer bees (D:10)
  5 small abominations (Lair:5)
  An electric eel (Lair:1)
  5 orc priests
  3 orc wizards
  2 hell rats (Lair:5)
  A spriggan simulacrum (IceCv)
  A gnoll (D:3)
  An ufetubus (IceCv)
  13 orcs
  A goblin (D:10)
  2 hobgoblins
  A ball python (D:3)
  5 kobolds (D:9)
  4 rats
148 creatures vanquished.

Vanquished Creatures (others)
  An anaconda zombie (Lair:5)
  A lindwurm (Lair:3)
  2 ugly thing zombies (D:14)
  A komodo dragon (Lair:5)
  A hydra zombie (Lair:5)
  A culicivora zombie (Lair:5)
  A blink frog (Lair:5)
  A boulder beetle zombie (Lair:2)
  A wyvern (Lair:4)
  A yak (Lair:3)
  2 cane toad zombies
  An orc warrior (Bailey)
  A blink frog zombie (Lair:5)
  A hornet zombie (Lair:3)
  A rime drake zombie (Lair:5)
  A komodo dragon zombie (Lair:5)
  2 wyvern zombies
  4 water moccasin zombies
  9 yak zombies
  2 bullfrog zombies
  4 centaur zombies
  6 killer bee zombies (D:10)
  3 hell rat zombies (Lair:5)
  21 orc zombies
  An orc (Bailey)
  5 gnoll zombies (D:6)
  A kobold (D:9)
76 creatures vanquished.

Grand Total: 744 creatures vanquished

Notes
Turn   | Place    | Note
-------+----------+-------------------------------------------
     0 | D:1      | ragingrage the Armataur Necromancer began the quest for the
                  | Orb.
     0 | D:1      | Reached XP level 1. HP: 14/14 MP: 3/3
    99 | D:1      | Found Fehyisid's Magic Scroll Emporium.
   120 | D:1      | Reached XP level 2. HP: 12/21 MP: 0/4
   197 | D:1      | Found Ronwepis's Armour Shop.
   223 | D:1      | Found Pilip's Armour Emporium.
   488 | D:1      | Reached XP level 3. HP: 28/28 MP: 3/5
   509 | D:1      | Found Exkemyju's Jewellery Shop.
   544 | D:1      | Found Guogyi's Armour Shop.
   572 | D:1      | Reached skill level 1 in Fighting
  1550 | D:2      | Reached XP level 4. HP: 37/37 MP: 2/6
  1606 | D:2      | Learned a level 3 spell: Vampiric Draining
  1863 | D:2      | Noticed Terence
  2149 | D:1      | Bought a scroll of teleportation for 42 gold pieces
  2331 | D:2      | Found a burning altar of Makhleb.
  2419 | D:2      | Killed Terence
  3043 | D:3      | Noticed Robin
  3047 | D:3      | Killed Robin
  3167 | D:2      | Reached XP level 5. HP: 38/43 MP: 2/7
  3422 | D:3      | Reached skill level 5 in Necromancy
  3857 | D:3      | Paralysed by a gnoll for 2 turns
  4696 | D:4      | Noticed an orc warrior
  5037 | D:4      | Found a staircase to the Ecumenical Temple.
  5053 | Temple   | Entered the Ecumenical Temple
  5087 | Temple   | Became a worshipper of Kikubaaqudgha
  5135 | D:4      | Reached XP level 6. HP: 33/51 MP: 1/8
  5246 | D:4      | Reached skill level 2 in Maces & Flails
  5537 | D:4      | Killed an orc warrior
  5538 | D:4      | Reached skill level 3 in Maces & Flails
  6122 | D:5      | Entered Level 5 of the Dungeon
  6224 | D:5      | Reached XP level 7. HP: 56/56 MP: 6/9
  6259 | D:5      | Noticed Menkaure
  6399 | D:5      | Reached skill level 4 in Maces & Flails
  6709 | D:5      | Noticed Grinder
  7096 | D:4      | Killed Grinder
  7097 | D:4      | Reached skill level 5 in Maces & Flails
  7134 | D:4      | Learned a level 4 spell: Animate Dead
  7379 | D:5      | Noticed Pikel
  7464 | D:5      | Killed Menkaure
  7464 | D:5      | Reached * piety under Kikubaaqudgha
  7464 | D:5      | Received a gift from Kikubaaqudgha
  7465 | D:5      | Reached XP level 8. HP: 64/64 MP: 10/10
  7529 | D:5      | Reached skill level 6 in Maces & Flails
  7846 | D:6      | Found a white marble altar of Elyvilon.
  7846 | D:6      | Found a glowing silver altar of Zin.
  7846 | D:6      | Found a glowing golden altar of the Shining One.
  8350 | D:6      | HP: 1/60 [wight/+0 scimitar (4)]
  8558 | D:6      | Killed Pikel
  8559 | D:6      | Reached skill level 7 in Maces & Flails
  8965 | D:6      | Reached skill level 8 in Maces & Flails
  8965 | D:6      | Reached XP level 9. HP: 28/71 MP: 11/11
  9126 | D:7      | Learned a level 1 spell: Kiss of Death
  9167 | D:7      | Noticed Duvessa
  9187 | D:7      | Killed Duvessa
  9192 | D:7      | Noticed Dowan
  9267 | D:7      | Killed Dowan
  9321 | D:7      | Found a flagged portal.
  9399 | Bailey   | Entered a bailey
  9423 | Bailey   | Reached skill level 9 in Maces & Flails
  9541 | Bailey   | Noticed an orc knight
  9563 | Bailey   | Killed an orc knight
  9564 | Bailey   | Reached skill level 10 in Maces & Flails
  9898 | Bailey   | Found a large runed translucent door.
  9898 | Bailey   | Found a large runed translucent door.
  9899 | Bailey   | Noticed a deep elf zephyrmancer
  9930 | Bailey   | Killed a deep elf zephyrmancer
  9947 | Bailey   | Identified the +1 cloak of Verdant Life {rPois Dex+4 SInv}
  9970 | Bailey   | Got a clothbound book
 10117 | D:7      | Reached XP level 10. HP: 82/82 MP: 12/12
 10186 | D:7      | Reached skill level 11 in Maces & Flails
 10462 | D:8      | Found a staircase to the Lair.
 10472 | D:8      | Found a blossoming altar of Fedhas.
 10532 | D:8      | Found a radiant altar of Vehumet.
 10900 | D:8      | Found a shimmering blue altar of Sif Muna.
 10921 | D:8      | Reached ** piety under Kikubaaqudgha
 10926 | D:8      | Got a glossy book
 11121 | D:8      | Found a bloodstained altar of Trog.
 11261 | D:8      | Found a burning altar of Makhleb.
 11427 | Lair:1   | Entered Level 1 of the Lair of Beasts
 11427 | Lair:1   | Noticed a cane toad
 11427 | Lair:1   | Noticed a black mamba
 11437 | D:8      | Killed a black mamba
 11438 | D:8      | Reached skill level 12 in Maces & Flails
 11576 | D:9      | Noticed a two-headed ogre
 11825 | D:9      | Reached skill level 5 in Armour
 12144 | D:1      | Bought an amulet of regeneration for 360 gold pieces
 12490 | D:6      | Reached skill level 1 in Evocations
 13039 | D:6      | Found a runed translucent door.
 13040 | D:6      | Noticed Crazy Yiuf
 13265 | D:6      | Killed Crazy Yiuf
 13796 | D:9      | Killed a two-headed ogre
 13797 | D:9      | Reached XP level 11. HP: 42/88 MP: 13/15
 13978 | D:9      | Noticed an eight-headed hydra
 13987 | D:9      | Noticed a deep elf pyromancer
 13994 | D:9      | Reached skill level 1 in Throwing
 14014 | D:8      | Killed a deep elf pyromancer
 14226 | Lair:1   | Found an ancient bone altar of Kikubaaqudgha.
 14226 | Lair:1   | Noticed an oklob plant
 14499 | Lair:1   | Noticed a catoblepas
 14515 | Lair:1   | Killed a catoblepas
 14708 | Lair:1   | Reached skill level 5 in Fighting
 15014 | Lair:1   | Killed an oklob plant
 15138 | Lair:2   | Found a one-way gate to the infinite horrors of the Abyss.
 15300 | Lair:2   | Found a corrupted altar of Lugonu.
 15309 | Lair:2   | Noticed a boulder beetle
 15331 | Lair:2   | Killed a boulder beetle
 15521 | Lair:2   | Reached *** piety under Kikubaaqudgha
 15521 | Lair:2   | Received a gift from Kikubaaqudgha
 15548 | Lair:2   | Reached XP level 12. HP: 83/100 MP: 12/16
 15555 | Lair:2   | Learned a level 6 spell: Death Channel
 16052 | Lair:3   | Reached skill level 10 in Necromancy
 16228 | Lair:3   | Noticed an eight-headed hydra
 16241 | Lair:3   | Killed an eight-headed hydra
 16399 | Lair:3   | Noticed a five-headed hydra
 16416 | Lair:3   | Noticed a six-headed hydra
 16421 | Lair:3   | Killed a six-headed hydra
 16426 | Lair:3   | Killed a five-headed hydra
 16450 | Lair:3   | Found a staircase to the Swamp.
 16815 | Lair:3   | Found a hole to the Spider Nest.
 17318 | Lair:4   | Found a runed translucent door.
 17319 | Lair:4   | Found a viscous altar of Jiyva.
 17321 | Lair:4   | Found a staircase to the Slime Pits.
 17353 | Lair:4   | Noticed Rupert
 17354 | Lair:4   | Paralysed by Rupert for 2 turns
 17380 | Lair:4   | Killed Rupert
 17740 | Lair:4   | Identified the amulet "Isuim" {RegenMP +Inv rC++ Slay-6}
 17745 | Lair:4   | Noticed Urug
 17750 | Lair:4   | You fall into a shaft and drop 1 floor!
 17750 | Lair:5   | Entered Level 5 of the Lair of Beasts
 17845 | Lair:5   | Reached **** piety under Kikubaaqudgha
 17893 | Lair:5   | Reached XP level 13. HP: 99/107 MP: 3/17
 18275 | Lair:5   | Identified the +6 war axe "Xocess" {drain, *Noise rN++
                  | rCorr Dex+2}
 18723 | Lair:5   | Reached ***** piety under Kikubaaqudgha
 18904 | Lair:5   | Reached skill level 13 in Maces & Flails
 19112 | Lair:5   | HP: 5/107 [large abomination (28)]
 19513 | Lair:5   | Found a corrupted altar of Lugonu.
 19916 | Lair:5   | Reached skill level 14 in Maces & Flails
 19918 | Lair:5   | Reached XP level 14. HP: 106/114 MP: 12/18
 20518 | Lair:4   | Killed Urug
 20977 | D:9      | Found a runed translucent door.
 20998 | D:9      | Found a runed translucent door.
 21175 | D:9      | Found a runed translucent door.
 21318 | D:10     | Entered Level 10 of the Dungeon
 21378 | D:10     | Found a staircase to the Orcish Mines.
 21686 | D:10     | Reached skill level 15 in Maces & Flails
 22312 | D:11     | Noticed Sonja
 22322 | D:11     | Killed Sonja
 22431 | D:11     | You fall into a shaft and drop 1 floor!
 22641 | D:11     | Noticed a tengu reaver
 22641 | D:11     | Noticed a fire giant
 22642 | D:11     | Found a runed translucent door.
 22656 | D:11     | Noticed a stone giant
 22744 | D:11     | Noticed a frost giant
 23424 | D:12     | Reached skill level 16 in Maces & Flails
 24011 | D:13     | Found a frozen archway.
 24050 | IceCv    | Entered an ice cave
 24192 | IceCv    | Reached ****** piety under Kikubaaqudgha
 24425 | IceCv    | Noticed a reaper
 24796 | IceCv    | Learned a level 2 spell: Blink
 25189 | D:13     | Got an antique book
 25320 | D:13     | Found a gate to the Vaults.
 25320 | D:13     | Noticed an ironbound preserver
 25333 | D:13     | Reached skill level 1 in Translocations
 25348 | D:13     | Killed an ironbound preserver
 25379 | D:13     | Reached skill level 17 in Maces & Flails
 25501 | D:13     | Reached XP level 15. HP: 115/120 MP: 19/19
 27325 | D:14     | Identified a scroll of acquirement
 27442 | Orc:1    | Entered Level 1 of the Orcish Mines
 27621 | Orc:1    | Noticed Erica
 27633 | Orc:1    | Killed Erica
 27794 | Orc:1    | Found a runed translucent gate.
 27795 | Orc:1    | Found a runed translucent gate.
 27796 | Orc:1    | Found a runed translucent gate.
 27814 | Orc:1    | Noticed Fesunton's ghost (journeyman TrGl)
 27817 | Orc:1    | Found an iron altar of Okawaru.
 27936 | Orc:1    | Reached skill level 18 in Maces & Flails
 28413 | Orc:2    | Entered Level 2 of the Orcish Mines
 28415 | Orc:2    | Found Xakih's Antique Weapon Shop.
 28461 | Orc:2    | Found a staircase to the Elven Halls.
 28884 | Orc:2    | Slain by a two-headed ogre

Illustrated notes

Levels and vault maps discovered:
D:1:      minmay_arrival_diagonal_passages, layout_rooms, serial_shops, shop,
          shop, nicolae_shop_hallway_plus, nicolae_shop_waterfront, shop,
          minmay_statues_item, minmay_heptomino_w4
D:2:      minmay_alternating_diamond, layout_basic, basic_altar,
          chequers_garden, uniq_terence
D:3:      layout_loops_cross, uniq_robin
D:4:      layout_cave_pods, minmay_temple_entry_arrows, nicolae_hexahallways,
          dk_noncrumbling_3
D:5:      layout_gridville, uniq_pikel, uniq_grinder, uniq_menkaure
D:6:      layout_layer_cave, dreamdust_divine_triumvirate,
          uniq_crazy_yiuf_cottage
D:7:      layout_basic, enter_bailey_8, uniq_duvessa
D:8:      layout_cave_pools, mainiacjoe_overflow_catwalk, fedhas_altar_3,
          lightli_temple_of_fire, nzn_overflow_gifts_of_might_and_magic
D:9:      minmay_the_grid_four_pointed_star_mashed
          [minmay_the_grid_triangle_9x9_subtriangle,
          minmay_the_grid_triangle_9x9_empty,
          minmay_the_grid_triangle_9x9_tough_junction,
          minmay_the_grid_triangle_9x9_odd_lines,
          minmay_the_grid_prize_big_room], layout_cave_pools
D:10:     layout_irregular_city, erik_orc_4, minmay_diamond_spiral
D:11:     minmay_gate_of_8, layout_cross, uniq_sonja
D:12:     cheibrodos_wizards_tower, layout_loops_ring, serial_bayou_lagoon_b
D:13:     layout_loops_cross, skrybe_vaults_entry_preservation,
          portal_ice_cave_rime
D:14:     layout_loops_corners, minmay_strange_pillars
Temple:   nicolae_temple_superstar
Lair:1:   layout_hall_layers, lemuel_oklob_altar, serial_bayou_shore_a
Lair:2:   layout_roguey, fungi_pond_lemuel, amcnicky_altar_lugonu_corruption
Lair:3:   layout_roguey, palyth_hydra_swamp_entry,
          nicolae_spider_entry_orb_guardian
Lair:4:   layout_regular_city, slime_entry_2, minivault_24, uniq_rupert,
          uniq_urug
Lair:5:   hellmonk_lair_end_abyssal_woods, layout_regular_city,
          nicolae_lair_lakeside_cave, serial_bayou_shore_b,
          infiniplex_staircase_pool
Orc:1:    nicolae_orc_accident_2, layout_diamond_mine,
          gammafunk_ghost_fury_of_okawaru, uniq_erica
Orc:2:    st_orc_open, layout_caves, serial_shops, shop_fountains,
          lemuel_statue_altar, nicolae_orc_tapped_out

Skill      XL: |  1  2  3  4  5  6  7  8  9 10 11 12 13 14 15 |
---------------+----------------------------------------------+-----
Necromancy     | 4 5 6 7 9 12 14 | 14.3
Fighting       | 1 3 5 |  5.3
Maces & Flails | 3 5 8 10 12 14 17 18 | 18.0
Armour         | 5 8 |  8.3
Spellcasting   | 2 3 |  3.0
Evocations     | 2 3 |  3.0
Throwing       | 2 |  2.0
Translocations | 2 3 |  3.0
Polearms       | |  0.7
Dodging        | |  1.3
Stealth        | |  2.1

Action                     |  1- 3 |  4- 6 |  7- 9 | 10-12 | 13-15 || total
---------------------------+-------+-------+-------+-------+-------++-------
  Melee: Spear             |    36 |    41 |       |       |       ||    77
         Tailslap          |     3 |     5 |    33 |   154 |   211 ||   406
         Punch             |     1 |       |     5 |    12 |     2 ||    20
         Morningstar       |       |    14 |    40 |       |   172 ||   226
         Whip              |       |       |   157 |   733 |       ||   890
         Great mace        |       |       |       |    61 |   833 ||   894
  Throw: Dart              |       |     4 |    31 |    27 |       ||    62
   Cast: Necrotise         |    82 |   118 |    16 |     1 |       ||   217
         Vampiric Draining |       |     5 |     3 |       |       ||     8
         Animate Dead      |       |       |     4 |    17 |    12 ||    33
         Death Channel     |       |       |       |     6 |    39 ||    45
 Invoke: Unearth Wretches  |       |       |       |     4 |     1 ||     5
  Evoke: Wand              |       |     1 |     9 |     8 |    18 ||    36
    Use: Potion            |     2 |       |     1 |       |     4 ||     7
         Scroll            |       |       |     8 |     3 |    16 ||    27
   Stab: Paralysed         |       |     3 |     6 |     7 |     1 ||    17
         Sleeping          |       |       |     3 |     3 |     1 ||     7
         Distracted        |       |       |       |     7 |    12 ||    19
 Armour: Robe              |    50 |    56 |   115 |       |       ||   221
         Ring mail         |       |       |    19 |   413 |   883 ||  1315
         Steam dragon scal |       |       |    14 |       |       ||    14
         Leather armour    |       |       |       |       |   109 ||   109
         Chain mail        |       |       |       |       |    16 ||    16
  Dodge: Dodged            |    24 |    49 |    85 |   313 |   771 ||  1242

Table legend: (Time is in decaauts)
 A = Elapsed time spent in this place.
 B = Non-inter-level travel time spent in this place.
 C = Inter-level travel time spent in this place.
 D = Time resting spent in this place.
 E = Time spent auto-exploring this place.
 F = Levels seen in this place.
 G = Mean time per level.
                   A        B        C        D        E       F      G
               +--------+--------+--------+--------+--------+-----+--------+
         Total |  28438 |  26521 |   1917 |   5842 |  14308 |  24 | 1184.9 |
       Dungeon |  18903 |  17231 |   1672 |   4368 |   9084 |  14 | 1350.2 |
        Temple |     41 |      5 |     36 |      0 |      0 |   1 |   41.0 |
          Lair |   6468 |   6292 |    176 |    863 |   3953 |   5 | 1293.6 |
  Orcish Mines |   1407 |   1375 |     32 |     54 |   1071 |   2 |  703.5 |
        Bailey |    631 |    631 |      0 |    218 |    181 |   1 |  631.0 |
      Ice Cave |    985 |    985 |      0 |    338 |     19 |   1 |  985.0 |
               +--------+--------+--------+--------+--------+-----+--------+

Top non-repeatable levels by time:
     D:4: 2548 daAuts
  Lair:5: 2382 daAuts
     D:6: 2324 daAuts
     D:2: 1637 daAuts
     D:3: 1516 daAuts
     D:8: 1442 daAuts
     D:1: 1385 daAuts
    D:14: 1270 daAuts
     D:5: 1217 daAuts
  Lair:4: 1111 daAuts
  Lair:3: 1079 daAuts
     D:9: 1063 daAuts
    D:13: 1056 daAuts
    D:11: 1012 daAuts
   IceCv: 985 daAuts
